 Dungeon Crawl Stone Soup version 0.29.1-12-g30fa7ad0bf (webtiles) character file.

Game seed: 8924783746967512550

110 KittyFluff the Cudgeller (level 4, 0/29 HPs)
             Began as a Gargoyle Berserker on Jan 14, 2023.
             Was a Believer of Trog.
             Slain by an orc priest
             ... wielding a +0 hand axe
              (1 damage)
             ... on level 3 of the Dungeon.
             The game lasted 00:07:41 (1890 turns).

KittyFluff the Cudgeller (Gargoyle Berserker)       Turns: 1890, Time: 00:07:42

Health: 0/29       AC: 10    Str: 19 (21) XL:     4   Next: 91%
Magic:  4/4        EV: 12    Int:  4 (7)  God:    Trog [**....]
Gold:   135        SH:  0    Dex: 10 (11) Spells: 3/3 levels left

rFire   . . .      SeeInvis .   a - +0 mace
rCold   . . .      Faith    .   (no shield)
rNeg    + . .      Spirit   .   b - +0 animal skin
rPois   ∞          Reflect  .   i - +0 helmet
rElec   +          Harm     .   (no cloak)
rCorr   +          Rampage  .   d - +2 pair of gloves of Pessimism {rCorr}
Will    .....                   (no boots)
Stlth   +.........              (no amulet)
HPRegen 0.09/turn               (no ring)
MPRegen 0.09/turn               (no ring)

@: attractive
A: sickness immunity, AC +3, negative energy resistance 1, electricity
resistance, torment resistance 1, petrification resistance
a: Renounce Religion, Berserk, Trog's Hand


You were on level 3 of the Dungeon.
You worshipped Trog.
Trog was pleased with you.
You visited 1 branch of the dungeon, and saw 3 of its levels.

You collected 135 gold pieces.

Inventory:

Hand Weapons
 a - a +0 mace (weapon)
 p - a +0 sling
Missiles
 e - 14 stones (quivered)
 h - 9 poisoned darts
 l - 5 javelins
 r - 6 atropa-tipped darts
Armour
 b - a +0 animal skin (worn)
 d - the +2 pair of gloves of Pessimism (worn) {rCorr}
   (You found it on level 2 of the Dungeon)

   rCorr:     It protects you from acid and corrosion.
 i - a +0 helmet (worn)
 m - a +0 ring mail
Jewellery
 s - a ring of resist corrosion
Scrolls
 f - a scroll of noise {unknown}
 n - a scroll of magic mapping {unknown}
 o - a scroll of enchant weapon {unknown}
 q - a scroll of teleportation {unknown}
Potions
 c - a potion of cancellation
 k - a potion of brilliance {unknown}


   Skills:
 + Level 3.8 Fighting
 * Level 4.0 Maces & Flails
 * Level 3.5 Armour
 + Level 2.2 Dodging


You had 3 spell levels left.
You didn't know any spells.
Your spell library was empty.

Dungeon Overview and Level Annotations

Branches:
Dungeon (3/15)

Altars:
Zin


Innate Abilities, Weirdness & Mutations

You are immune to sickness and miasma.
Your stone body is resilient. (AC +3)
You are immune to poison.
You resist negative energy. (rN+)
You are resistant to electric shocks. (rElec)
You are resistant to unholy torment.
You are immune to petrification.


Message History

You hit the jackal.
The jackal is severely wounded.
The jackal completely misses you.
The jackal bites you but does no damage.
You hit the jackal.
You kill the jackal!
Trog accepts your kill.
The orc priest mumbles some strange prayers to Beogh against you.
Beogh smites you!
Ouch! That really hurt!
You hit the orc.
The orc is moderately wounded.
The orc hits you but does no damage.
You hit the orc but do no damage.
The orc is moderately wounded.
An orc wizard appears from thin air!
Reactivating autopickup.
The orc hits you with a +0 hand axe.
You sock the orc!
You kill the orc!
Trog accepts your kill.
The orc wizard casts a spell.
The orc wizard flickers and vanishes!
Deactivating autopickup; reactivate with Ctrl-A.
You sock the orc priest!
The orc priest is severely wounded.
The orc priest invokes the aid of Beogh against you.
Beogh smites you!
* * * LOW HITPOINT WARNING * * *
The orc priest completely misses you.
It was a potion of cancellation.
You feel magically purged.
The orc priest casts a cantrip, but nothing happens.
It was a potion of attraction.
You feel attractive to monsters. The orc priest closely misses you.
It was a potion of degeneration.
There was something very wrong with that liquid.
You feel weakened.
You feel dopey.
You feel clumsy.
The orc priest hits you with a +0 hand axe.
You die...

......h..# .........#
......ho.# ...<...o.# ......o.
#....#
######+#....############.#
#.......=.>o.o@....... ..#
#............######### #.##
#............# #..##
#............# #...##
#............###########....#
#..)†.......................#
#...........................#
#...........................#
#...........................###


You could see an orc priest and an orc.

Vanquished Creatures
  Natasha (D:3)
  4 adders
  A worm (D:2)
  An orc (D:3)
  3 endoplasms
  A giant cockroach (D:1)
  5 goblins
  2 hobgoblins (D:1)
  8 jackals
  7 kobolds
  7 ball pythons
  3 bats
  A frilled lizard (D:1)
  2 rats
46 creatures vanquished.

Notes
Turn   | Place    | Note
-------+----------+-------------------------------------------
     0 | D:1      | KittyFluff the Gargoyle Berserker began the quest for the
                  | Orb.
     0 | D:1      | Reached XP level 1. HP: 14/14 MP: 1/1
    62 | D:1      | Found a faded altar of an unknown god.
    72 | D:1      | You fall into a shaft and drop 1 floor!
   125 | D:2      | Identified the +2 pair of gloves of Pessimism {rCorr}
   394 | D:1      | Reached XP level 2. HP: 18/19 MP: 2/2
   830 | D:1      | Reached XP level 3. HP: 20/23 MP: 3/3
  1006 | D:2      | Reached ** piety under Trog
  1658 | D:3      | Found a glowing silver altar of Zin.
  1671 | D:3      | Reached XP level 4. HP: 25/28 MP: 4/4
  1779 | D:3      | Noticed Natasha
  1790 | D:3      | Killed Natasha
  1791 | D:3      | Reached skill level 4 in Maces & Flails
  1887 | D:3      | HP: 1/29 [orc priest/divine providence (12)]
  1890 | D:3      | Slain by an orc priest

Illustrated notes

Levels and vault maps discovered:
D:1:      dpeg_arrival_tiny_a, layout_rooms,
          hellmonk_ecumenical_altar_inner_sanctum
D:2:      layout_basic
D:3:      layout_basic, fedhas_altar_2, mainiacjoe_overflow_paths,
          kennysheep_cluttered_room, uniq_natasha, uniq_jessica

Skill      XL: |  1  2  3  4 |
---------------+-------------+-----
Armour         | 3 |  3.5
Dodging        | 2 |  2.2
Maces & Flails | 4 |  4.0
Fighting       | |  3.8

Action                   |  1- 3 |  4- 6 || total
-------------------------+-------+-------++-------
Melee: Mace              |   107 |    48 ||   155
       Punch             |     3 |       ||     3
  Use: Potion            |       |     3 ||     3
Armor: Animal skin       |    36 |    26 ||    62
Dodge: Dodged            |    83 |    46 ||   129
